[Event "Titled Tuesday Blitz February 07 Late 2023"]
[White "Prem, Pranav"]
[Black "Tari, Aryan"]
[WhiteFideId "30901057"]
[BlackFideId "1510045"]
[WhiteElo "2061"]
[BlackElo "2642"]
[Result "0-1"]
[Round "09"]
[TimeControl "180+2"]
[Date "2023.02.07"]
[WhiteClock "0:00:12"]
[BlackClock "0:00:16"]

1. d4 d5 2. c4 e6 3. Nc3 c5 4. cxd5 cxd4 5. Qxd4 Nc6 6. Qd1 exd5 7. Qxd5 Bd6 8. Bg5 Nge7 9. Qd2 h6 10. Bh4 Qb6 11. Rd1 Nf5 12. Bg3 Bc5 13. e3 O-O 14. Nd5 Qd8 15. Nf3 Nxg3 16. hxg3 Be6 17. a3 Ne7 18. Nxe7+ Qxe7 19. Bd3 Rfd8 20. Qc2 Rac8 21. Qb1 Bb3 22. Rd2 Bxe3 23. fxe3 Qxe3+ 24. Be2 Rxd2 25. Nxd2 Re8 0-1


[Site "https://www.chess.com"]

[Event "Titled Tuesday Blitz February 07 Late 2023"]
[White "Rustemov, Alexander"]
[Black "Veiga, Jose Francisco R P Neves"]
[WhiteFideId "4119002"]
[BlackFideId "1930087"]
[WhiteElo "2525"]
[BlackElo "2406"]
[Result "1/2-1/2"]
[Round "09"]
[TimeControl "180+2"]
[Date "2023.02.07"]
[WhiteClock "0:00:33"]
[BlackClock "0:00:17"]

1. d4 Nf6 2. c4 g6 3. Nf3 Bg7 4. g3 c6 5. b3 O-O 6. Bg2 d5 7. Nbd2 a5 8. Bb2 a4 9. bxa4 Qa5 10. cxd5 cxd5 11. Ne5 Qxa4 12. O-O Nc6 13. Qxa4 Rxa4 14. Nxc6 bxc6 15. Rfc1 Ba6 16. e3 Rb8 17. Bc3 Nd7 18. Nb3 Bc4 19. Na5 Bb5 20. Bf1 c5 21. Rab1 Bxf1 22. Kxf1 Rxb1 23. Rxb1 cxd4 24. exd4 Bxd4 25. Bxd4 Rxd4 26. Nc6 Rd2 27. Rb7 Nc5 28. Nxe7+ Kf8 29. Ra7 Ne4 30. f3 Ng5 31. f4 Nf3 32. h3 d4 33. Nc6 d3 34. Rd7 Nh2+ 35. Kg1 Nf3+ 36. Kf1 Nh2+ 37. Kg1 Nf3+ 38. Kf1 1/2-1/2


[Site "https://www.chess.com"]

[Event "Titled Tuesday Blitz February 07 Late 2023"]
[White "Adewumi, Tanitoluwa"]
[Black "Toncheva, Nadya"]
[WhiteFideId "30966396"]
[BlackFideId "2924056"]
[WhiteElo "2283"]
[BlackElo "2295"]
[Result "0-1"]
[Round "09"]
[TimeControl "180+2"]
[Date "2023.02.07"]
[WhiteClock "0:00:03"]
[BlackClock "0:00:03"]

1. e4 c5 2. Nf3 e6 3. g3 Nc6 4. Bg2 d5 5. exd5 exd5 6. d4 Nf6 7. O-O c4 8. Re1+ Be7 9. Bg5 O-O 10. Nc3 Be6 11. Ne5 Re8 12. Qd2 Qb6 13. Rad1 Rad8 14. b3 cxb3 15. axb3 h6 16. Be3 Bb4 17. Qd3 Nd7 18. Nxd7 Rxd7 19. Na4 Qd8 20. c3 Bf8 21. Nc5 Bxc5 22. dxc5 Bg4 23. f3 Ne5 24. Qf1 Bh5 25. Bf4 Nc6 26. Bd6 b6 27. b4 bxc5 28. bxc5 Rxe1 29. Qxe1 Bg6 30. Rxd5 Qc8 31. Rd2 Rb7 32. f4 Rb1 33. Rd1 Rb2 34. Rd2 Rb1 35. Rd1 Rb2 36. h3 a5 37. g4 Bc2 38. Rd2 Rb1 39. Qxb1 Bxb1 40. Rb2 Bd3 41. Rb6 a4 42. Rxc6 Qe8 43. Rb6 Qe1+ 44. Kh2 a3 45. c6 a2 46. c7 a1=Q 47. c8=Q+ Kh7 48. Be5 Qg1+ 49. Kg3 Qae1+ 50. Kf3 Qee3# 0-1


[Site "https://www.chess.com"]

[Event "Titled Tuesday Blitz February 07 Late 2023"]
[White "Schekachikhin, Maksim"]
[Black "Gascon Del Nogal, Jose Rafael"]
[WhiteFideId "24177830"]
[BlackFideId "3902463"]
[WhiteElo "2371"]
[BlackElo "2459"]
[Result "0-1"]
[Round "09"]
[TimeControl "180+2"]
[Date "2023.02.07"]
[WhiteClock "0:00:10"]
[BlackClock "0:00:19"]

1. b3 e5 2. Bb2 Nc6 3. c4 Nf6 4. Nf3 e4 5. Nd4 Bc5 6. Nf5 d5 7. Nxg7+ Kf8 8. cxd5 Nxd5 9. e3 Rg8 10. Qc2 Qe7 11. a3 Rxg7 12. Bxg7+ Kxg7 13. Bc4 Nf6 14. Nc3 Bf5 15. b4 Bd6 16. f4 a6 17. O-O h5 18. Nd5 Nxd5 19. Bxd5 Nd8 20. Rfe1 c6 21. Bc4 Ne6 22. d3 Nc7 23. Rad1 Nd5 24. Qb2+ Qf6 25. Qxf6+ Kxf6 26. dxe4 Bxe4 27. Rd4 Re8 28. Kf2 Bb8 29. Bxd5 cxd5 30. Rd2 Rc8 31. Rdd1 Ba7 32. Rc1 Rc4 33. Rxc4 dxc4 34. Rc1 b5 35. g3 Ke6 36. h3 Bb6 37. g4 Bd8 38. Ke2 Bf6 39. g5 Bg7 40. Kd2 Bb2 0-1


[Site "https://www.chess.com"]

[Event "Titled Tuesday Blitz February 07 Late 2023"]
[White "Mgeladze, Tamaz"]
[Black "Kaplan, Avi Harrison"]
[WhiteFideId "13601202"]
[BlackFideId "30934559"]
[WhiteElo "2388"]
[BlackElo "2146"]
[Result "1-0"]
[Round "09"]
[TimeControl "180+2"]
[Date "2023.02.07"]
[WhiteClock "0:02:01"]
[BlackClock "0:00:03"]

1. c4 g6 2. Nc3 Bg7 3. g3 Nc6 4. Bg2 d6 5. Nf3 e5 6. O-O f5 7. d3 Nf6 8. Rb1 O-O 9. b4 h6 10. b5 Ne7 11. a4 g5 12. c5 f4 13. Qb3+ Kh8 14. cxd6 cxd6 15. Ba3 Bf5 16. Nd2 Qd7 17. Nde4 Nc8 18. Qb4 Rd8 19. Nxf6 Bxf6 20. Nd5 Bg7 21. Rbc1 Ne7 22. Nxe7 Qxe7 23. Rc2 Rac8 24. Rfc1 Rxc2 25. Rxc2 Qd7 26. a5 Bf8 27. b6 axb6 28. Qxb6 Rc8 29. Rxc8 Qxc8 30. Bxb7 Qc2 31. Bxd6 Bxd6 32. Qxd6 Bh3 33. Qxe5+ Kh7 34. Be4+ Kg8 35. Bd5+ Kh7 36. Qe7+ Kh8 37. Qf6+ Kh7 38. Qf7+ Kh8 39. Qg8# 1-0


[Site "https://www.chess.com"]

[Event "Titled Tuesday Blitz February 07 Late 2023"]
[White "Petrovic, Aleksa"]
[Black "Leiva, Gianmarco"]
[WhiteFideId "967629"]
[BlackFideId "3804399"]
[WhiteElo "2332"]
[BlackElo "2392"]
[Result "0-1"]
[Round "09"]
[TimeControl "180+2"]
[Date "2023.02.07"]
[WhiteClock "0:00:03"]
[BlackClock "0:00:05"]

1. d4 Nf6 2. c4 e6 3. Nf3 d5 4. Nc3 Be7 5. Bg5 O-O 6. e3 Nbd7 7. Qc2 c5 8. cxd5 Nxd5 9. Bxe7 Nxe7 10. dxc5 Nxc5 11. Rd1 Qc7 12. Ne4 Qa5+ 13. Qc3 Qxc3+ 14. Nxc3 Nc6 15. Bb5 Ne7 16. b4 a6 17. Be2 Nd7 18. Rd2 Nb6 19. Bd1 Bd7 20. Bb3 Rfc8 21. Ne4 Rc1+ 22. Rd1 Rxd1+ 23. Kxd1 Bc6 24. Nc5 a5 25. bxa5 Rxa5 26. Nd3 Bxf3+ 27. gxf3 Rh5 28. Ke2 Nc6 29. f4 Kf8 30. Ne1 Na5 31. Nf3 Nxb3 32. Rb1 Rb5 33. Rxb3 Rxb3 34. axb3 Ke7 35. Ne5 Kf6 36. Kd3 Ke7 37. Kd4 f6 38. Nd3 Kd6 39. e4 Nd7 40. e5+ fxe5+ 41. fxe5+ Kc6 42. Nf4 Nf8 43. h4 b6 44. f3 g6 45. Nh3 h6 46. Nf4 Kb5 47. h5 gxh5 48. Nxh5 Kb4 49. f4 Kxb3 50. Ng7 b5 51. Nxe6 Nxe6+ 52. Ke4 Kc4 53. f5 Nc5+ 54. Kf4 Kd5 55. e6 Nxe6+ 0-1


[Site "https://www.chess.com"]

[Event "Titled Tuesday Blitz February 07 Late 2023"]
[White "Przybylski, Wojciech"]
[Black "Fiorito, Joaquin"]
[WhiteFideId "1117599"]
[BlackFideId "180173"]
[WhiteElo "2321"]
[BlackElo "2405"]
[Result "0-1"]
[Round "09"]
[TimeControl "180+2"]
[Date "2023.02.07"]
[WhiteClock "0:00:11"]
[BlackClock "0:01:14"]

1. e4 c6 2. d4 d5 3. e5 Bf5 4. c4 e6 5. Nc3 Ne7 6. a3 Nd7 7. Be3 dxc4 8. Bxc4 Nd5 9. Nge2 Be7 10. O-O O-O 11. Ng3 Bg6 12. Qd2 Rc8 13. b4 N7b6 14. Bb3 Nxc3 15. Qxc3 Nd5 16. Qd2 Ra8 17. Bc4 a5 18. b5 Nb6 19. Be2 cxb5 20. Bxb5 Qd5 21. Be2 Rfc8 22. Bf3 Qd7 23. Qb2 Nd5 24. Rfc1 b5 25. Ne4 Bxe4 26. Bxe4 b4 27. a4 Rab8 28. Bd3 Nc3 29. Qb3 h6 30. g3 Bg5 31. f4 Be7 32. g4 Qb7 33. Rf1 Nd5 34. Bd2 Nc3 35. f5 Qd7 36. Be3 Nd5 37. Bb5 Rxb5 38. axb5 Rc3 39. fxe6 Qxe6 40. Qb1 Qxg4+ 41. Kh1 Nxe3 42. Rxa5 Qg2# 0-1


[Site "https://www.chess.com"]

[Event "Titled Tuesday Blitz February 07 Late 2023"]
[White "Kochetov, Andrey"]
[Black "Korchmar, Vasiliy"]
[WhiteFideId "24130532"]
[BlackFideId "24131750"]
[WhiteElo "2165"]
[BlackElo "2438"]
[Result "0-1"]
[Round "09"]
[TimeControl "180+2"]
[Date "2023.02.07"]
[WhiteClock "0:00:04"]
[BlackClock "0:01:06"]

1. e4 c5 2. Nf3 d6 3. d4 cxd4 4. Nxd4 Nf6 5. f3 e5 6. Nb3 Be6 7. c4 Nbd7 8. Nc3 Rc8 9. Nd5 b5 10. Nxf6+ Nxf6 11. cxb5 d5 12. exd5 Nxd5 13. Be2 Bb4+ 14. Bd2 Ne3 15. Bxb4 Nxd1 16. Ba5 Qg5 17. Rxd1 Qxg2 18. Rf1 Bxb3 19. axb3 Qxh2 20. b6 Qh4+ 21. Rf2 axb6 22. Bb5+ Kf8 23. Bc3 h5 24. Kf1 Qh3+ 25. Kg1 Rh6 26. Rg2 Rg6 27. Rxg6 fxg6 28. Bxe5 Kg8 29. Bd7 Qxf3 30. Rf1 Qe3+ 31. Kh1 Qe4+ 32. Kg1 Qxe5 33. Bxc8 Qc5+ 0-1


[Site "https://www.chess.com"]

[Event "Titled Tuesday Blitz February 07 Late 2023"]
[White "Saveliev, Alexei"]
[Black "Zochowski, Kacper"]
[WhiteFideId "24128546"]
[BlackFideId "1125494"]
[WhiteElo "2385"]
[BlackElo "2262"]
[Result "1-0"]
[Round "09"]
[TimeControl "180+2"]
[Date "2023.02.07"]
[WhiteClock "0:01:22"]
[BlackClock "0:00:02"]

1. c4 d6 2. Nc3 g6 3. d4 Bg7 4. e4 e5 5. dxe5 dxe5 6. Qxd8+ Kxd8 7. Bg5+ f6 8. O-O-O+ Nd7 9. Bh4 c6 10. f4 exf4 11. Bf2 Kc7 12. Nge2 g5 13. h4 Ne5 14. g3 f3 15. Nd4 g4 16. h5 Bh6+ 17. Kc2 Ne7 18. Ndb5+ cxb5 19. Nxb5+ Kb8 20. Bc5 Bd7 21. Bxe7 Bxb5 22. cxb5 Bg5 23. Kb3 a5 24. b6 a4+ 25. Ka3 Ra5 26. Bb4 Ra8 27. Bb5 Nc6 28. Rd7 Bh6 29. Bd6+ Kc8 30. Rc7+ Kd8 31. Rd1 Ke8 32. Rxb7 Rc8 33. Rc7 Rxc7 34. Bxc7 Kf7 35. Bxc6 Bf8+ 36. Kxa4 Be7 37. b7 f5 38. exf5 Kf6 39. b8=Q Kxf5 40. Qxh8 f2 41. Qe5# 1-0


[Site "https://www.chess.com"]

[Event "Titled Tuesday Blitz February 07 Late 2023"]
[White "Kleiman, Jake"]
[Black "Harish, Neeraj"]
[WhiteFideId "2020041"]
[BlackFideId "30958130"]
[WhiteElo "2399"]
[BlackElo "2232"]
[Result "1-0"]
[Round "09"]
[TimeControl "180+2"]
[Date "2023.02.07"]
[WhiteClock "0:01:27"]
[BlackClock "0:00:02"]

1. e4 c5 2. c3 Nf6 3. e5 Nd5 4. Bc4 Nb6 5. Bb3 c4 6. Bc2 d6 7. exd6 Qxd6 8. Nf3 Nc6 9. Qe2 Bg4 10. Na3 e6 11. Nxc4 Nxc4 12. Qxc4 Bxf3 13. gxf3 Be7 14. Qe4 O-O-O 15. f4 e5 16. fxe5 Nxe5 17. d4 Ng6 18. Be3 Rhe8 19. O-O-O Kb8 20. Qf5 Bf6 21. h4 Ka8 22. h5 Ne7 23. Qxh7 Nd5 24. Bd2 Re2 25. Qf5 Qe6 26. Qxe6 fxe6 27. Rdf1 Rf8 28. Bd3 Rxd2 29. Kxd2 Bg5+ 30. Kd1 Nf4 31. Be4 Bh6 32. Rfg1 Kb8 33. Rg3 Kc7 34. Rf3 Kd6 35. Rg1 b6 36. Rg4 Rf6 37. Kc2 Kd7 38. Bg6 Kd6 39. Rg1 a5 40. a4 Kd5 41. Re1 Kd6 42. c4 1-0


[Site "https://www.chess.com"]

[Event "Titled Tuesday Blitz February 07 Late 2023"]
[White "Flynn, Jacob"]
[Black "Pakleza, Zbigniew"]
[WhiteFideId "2509393"]
[BlackFideId "1119290"]
[WhiteElo "2102"]
[BlackElo "2494"]
[Result "1-0"]
[Round "09"]
[TimeControl "180+2"]
[Date "2023.02.07"]
[WhiteClock "0:00:12"]
[BlackClock "0:00:02"]

1. d4 d5 2. c4 e5 3. dxe5 d4 4. Nf3 Nc6 5. a3 Nge7 6. b4 Ng6 7. Bb2 Ngxe5 8. Nxe5 Nxe5 9. Qxd4 Qxd4 10. Bxd4 Nxc4 11. e3 Be6 12. Be2 a5 13. b5 O-O-O 14. O-O f6 15. Rc1 Ne5 16. Bb6 Bd6 17. Bxa5 Kd7 18. Be1 Ra8 19. a4 b6 20. h3 g5 21. f4 gxf4 22. exf4 Ng6 23. g3 Bxh3 24. Nc3 h5 25. Nd5 h4 26. Nxf6+ Ke6 27. Ne4 hxg3 28. Nxd6 Nxf4 29. Bf3 cxd6 30. Bxg3 Rag8 31. Re1+ Kd7 32. Bc6+ Kd8 33. Re8+ Rxe8 34. Bxe8 Ne2+ 35. Kf2 Nxg3 36. Bg6 Nf5 37. a5 bxa5 38. Rxa5 Kc7 39. Ra7+ Kb6 40. Rf7 Nd4 41. Rf6 Be6 42. Bf7 1-0


[Site "https://www.chess.com"]

[Event "Titled Tuesday Blitz February 07 Late 2023"]
[White "Czopor, Maciej"]
[Black "Iljin, Timofey"]
[WhiteFideId "21805431"]
[BlackFideId "14110180"]
[WhiteElo "2385"]
[BlackElo "2329"]
[Result "1-0"]
[Round "09"]
[TimeControl "180+2"]
[Date "2023.02.07"]
[WhiteClock "0:01:48"]
[BlackClock "0:02:00"]

1. c4 e6 2. Nc3 d5 3. e3 Nf6 4. b3 b6 5. Bb2 Bb7 6. Nf3 Bd6 7. Be2 O-O 8. O-O c5 9. cxd5 exd5 10. d4 Nbd7 11. Rc1 a6 12. dxc5 bxc5 13. Na4 Rc8 14. Qc2 Re8 15. Rfd1 Qe7 16. Qf5 d4 17. Bc4 dxe3 18. fxe3 Qxe3+ 19. Kh1 Ne4 20. Qxf7+ Kh8 21. Qxg7# 1-0


[Site "https://www.chess.com"]

[Event "Titled Tuesday Blitz February 07 Late 2023"]
[White "Sielecki, Christof"]
[Black "Estrada Nieto, Julian"]
[WhiteFideId "4620437"]
[BlackFideId "5101018"]
[WhiteElo "2419"]
[BlackElo "2215"]
[Result "1-0"]
[Round "09"]
[TimeControl "180+2"]
[Date "2023.02.07"]
[WhiteClock "0:00:14"]
[BlackClock "0:00:05"]

1. e4 e5 2. Nf3 Nc6 3. Bb5 a6 4. Ba4 Nf6 5. d3 d6 6. c3 g6 7. O-O Bg7 8. Re1 O-O 9. Nbd2 Bd7 10. Nf1 Nh5 11. Ng3 Nxg3 12. hxg3 Qe8 13. b4 Nd4 14. Bxd7 Nxf3+ 15. gxf3 Qxd7 16. Kg2 d5 17. c4 dxc4 18. dxc4 Rfd8 19. Be3 Qd3 20. Qb3 Qxb3 21. axb3 Rd3 22. Reb1 Bf8 23. b5 Bb4 24. bxa6 bxa6 25. Kf1 a5 26. Ke2 Rc3 27. Ra2 Rd8 28. Rab2 Rcd3 29. Rc2 f6 30. Rcc1 Kf7 31. Rd1 Rxd1 32. Rxd1 Rxd1 33. Kxd1 h5 34. Ke2 Ke6 35. f4 exf4 36. Bxf4 c6 37. Bc7 g5 38. f4 gxf4 39. gxf4 Bd6 40. Bxd6 Kxd6 41. Kf3 Kc5 42. Kg3 Kd4 43. e5 fxe5 44. f5 e4 45. f6 e3 46. f7 h4+ 47. Kf3 Kd3 48. f8=Q e2 49. Qd6+ Kc3 50. Kxe2 Kxb3 51. Qxc6 a4 52. Qb5+ 1-0


[Site "https://www.chess.com"]

[Event "Titled Tuesday Blitz February 07 Late 2023"]
[White "Cori T., Deysi"]
[Black "Fiorito, Francisco"]
[WhiteFideId "3801934"]
[BlackFideId "180165"]
[WhiteElo "2362"]
[BlackElo "2305"]
[Result "1-0"]
[Round "09"]
[TimeControl "180+2"]
[Date "2023.02.07"]
[WhiteClock "0:00:31"]
[BlackClock "0:00:45"]

1. d4 Nf6 2. Nf3 b6 3. g3 Bb7 4. Bg2 g6 5. O-O Bg7 6. a4 a5 7. Bg5 O-O 8. Nbd2 d6 9. Re1 Nbd7 10. e4 e5 11. dxe5 dxe5 12. Nc4 Qe7 13. b3 h6 14. Bxf6 Bxf6 15. Qd2 Bg7 16. Rad1 Nc5 17. Nh4 Rad8 18. Qe3 Ne6 19. c3 Nc5 20. b4 axb4 21. cxb4 Nxa4 22. Qb3 b5 23. Na5 Ba8 24. Nxg6 Qf6 25. Nxf8 Rxf8 26. Qc2 Rc8 27. Bh3 Rf8 28. Qxc7 Qg6 29. Bf5 Qg5 30. h4 Qh5 31. Rd8 Qf3 32. Qc8 Nc3 33. Qxa8 Ne2+ 34. Rxe2 Qxe2 35. Nc6 Qd1+ 36. Kg2 Rxd8 37. Qxd8+ Qxd8 38. Nxd8 Bf8 39. Nc6 Bd6 40. Bc8 Kf8 41. Ba6 f5 42. exf5 Kf7 43. Kf3 Kf6 44. Ke4 Bxb4 45. Nxb4 1-0


[Site "https://www.chess.com"]

[Event "Titled Tuesday Blitz February 07 Late 2023"]
[White "Dudzinski, Pawel"]
[Black "Chor, Kevin"]
[WhiteFideId "1117890"]
[BlackFideId "2090740"]
[WhiteElo "2186"]
[BlackElo "1944"]
[Result "0-1"]
[Round "09"]
[TimeControl "180+2"]
[Date "2023.02.07"]
[WhiteClock "0:00:35"]
[BlackClock "0:00:36"]

1. e4 c5 2. c4 d6 3. Nc3 Nf6 4. g3 g6 5. Bg2 Bg7 6. Nge2 Nc6 7. Rb1 O-O 8. a3 a5 9. Nb5 Ne8 10. d4 cxd4 11. Nexd4 Nc7 12. Nxc6 bxc6 13. Nd4 Bb7 14. c5 dxc5 15. Nb3 Qxd1+ 16. Kxd1 Rfd8+ 17. Ke1 Ne6 18. Bh3 c4 19. Bxe6 cxb3 20. Bxb3 Ba6 21. Bc2 Rab8 22. Bd2 a4 23. Bc3 Bxc3+ 24. bxc3 Rxb1+ 25. Bxb1 Bd3 26. Ba2 Bxe4 27. f3 Bxf3 28. Rf1 Rd1+ 29. Kf2 Rxf1+ 30. Kxf1 Bd5 31. Bb1 Kg7 32. Kf2 Kf6 33. Ke3 Ke5 34. Bc2 Bb3 35. Bxb3 axb3 36. Kd3 Kd5 37. a4 Kc5 38. Kd2 e5 39. Kc1 e4 40. Kb2 e3 0-1


[Site "https://www.chess.com"]

[Event "Titled Tuesday Blitz February 07 Late 2023"]
[White "Chan, Luis"]
[Black "Buchenau, Frank"]
[WhiteFideId "3216357"]
[BlackFideId "4604350"]
[WhiteElo "2208"]
[BlackElo "2222"]
[Result "1-0"]
[Round "09"]
[TimeControl "180+2"]
[Date "2023.02.07"]
[WhiteClock "0:00:11"]
[BlackClock "0:00:04"]

1. b3 d5 2. Bb2 Bg4 3. f3 Bf5 4. e4 dxe4 5. Qe2 Nc6 6. fxe4 Bg6 7. Nf3 Nf6 8. d3 e6 9. Nbd2 Bc5 10. O-O-O Nd4 11. Nxd4 Bxd4 12. c3 Bb6 13. g4 h5 14. g5 Ng4 15. d4 Qxg5 16. Bg2 Ne3 17. Rdg1 O-O-O 18. Bf3 Qf4 19. h3 e5 20. Re1 exd4 21. cxd4 Nd5 22. exd5 Rhe8 23. Qc4 Ba5 24. Bc3 Bxc3 25. Qxc3 Bf5 26. Kb2 Rxe1 27. Rxe1 Bxh3 28. Re5 Bg4 29. Bxg4+ hxg4 30. d6 Rxd6 31. Re8+ Kd7 32. Re4 Qf2 33. Kc2 f5 34. Re5 g3 35. Qc4 Qxd4 36. Qf7+ Kc6 37. Qc4+ Qxc4+ 38. Nxc4 g2 39. Re1 Rg6 40. Ne5+ Kd5 41. Nxg6 Kd4 42. Nf4 g5 43. Nxg2 f4 44. Kd2 c5 45. Ke2 b5 46. Rc1 c4 47. bxc4 bxc4 48. Kf3 c3 49. Ne1 Kc4 50. Rc2 Kb4 51. Kg4 a5 52. Kxg5 f3 53. Nxf3 a4 54. Ne1 a3 55. Kf4 1-0


[Site "https://www.chess.com"]

[Event "Titled Tuesday Blitz February 07 Late 2023"]
[White "Gutkin, Ilya"]
[Black "O`Gorman, Tom"]
[WhiteFideId "16203470"]
[BlackFideId "2508249"]
[WhiteElo "2273"]
[BlackElo "2355"]
[Result "1-0"]
[Round "09"]
[TimeControl "180+2"]
[Date "2023.02.07"]
[WhiteClock "0:00:10"]
[BlackClock "0:00:23"]

1. Nf3 g6 2. d4 Nf6 3. Nbd2 Bg7 4. e4 d6 5. c3 O-O 6. Bd3 e5 7. O-O Nc6 8. Re1 Bg4 9. h3 Bd7 10. dxe5 dxe5 11. Nc4 Qe7 12. Bg5 h6 13. Bh4 Rad8 14. Qc2 g5 15. Bg3 Nh5 16. Ne3 Nf4 17. Nf5 Qf6 18. Bxf4 gxf4 19. Nxg7 Kxg7 20. Bb5 Ne7 21. Bxd7 Rxd7 22. Qa4 c6 23. Qxa7 Kh8 24. Qc5 Ng6 25. Rad1 Rfd8 26. Rxd7 Rxd7 27. a4 Qe6 28. a5 Kg7 29. b4 Rd3 30. Kf1 f6 31. Ke2 Qd7 32. Qc4 Rd6 33. Qb3 f5 34. exf5 Qxf5 35. Kf1 e4 36. Nd4 Qd5 37. Qc2 f3 38. gxf3 exf3 39. Nf5+ Kf6 40. Nxd6 Qxd6 41. Qe4 Ne5 42. Qxe5+ Qxe5 43. Rxe5 Kxe5 44. Ke1 Kd5 45. Kd2 Kc4 46. Kc2 c5 47. bxc5 Kxc5 48. Kd3 Kd5 49. Ke3 Kc4 50. Kxf3 Kxc3 51. Ke4 Kb4 52. f4 Kxa5 53. f5 b5 54. f6 b4 55. f7 b3 56. f8=Q Ka4 57. Kd3 b2 58. Kc2 h5 59. Kxb2 h4 60. Qb8 Ka5 61. Kc3 Ka6 62. Kc4 Ka5 63. Qa7# 1-0


[Site "https://www.chess.com"]

[Event "Titled Tuesday Blitz February 07 Late 2023"]
[White "Dzierzak, Radoslaw"]
[Black "Brilej, Jaka"]
[WhiteFideId "1161407"]
[BlackFideId "14618818"]
[WhiteElo "2220"]
[BlackElo "2321"]
[Result "0-1"]
[Round "09"]
[TimeControl "180+2"]
[Date "2023.02.07"]
[WhiteClock "0:00:03"]
[BlackClock "0:00:44"]

1. e4 d6 2. d4 Nf6 3. Nc3 g6 4. Nf3 Bg7 5. Be2 O-O 6. O-O Bg4 7. Be3 Nc6 8. Qd2 d5 9. exd5 Nb4 10. a3 Nbxd5 11. Nxd5 Nxd5 12. h3 Nxe3 13. fxe3 Bf5 14. Bd3 Bxd3 15. Qxd3 c6 16. Rad1 Qd7 17. e4 Rad8 18. Qe3 e6 19. e5 Qd5 20. Rd3 f5 21. b3 h6 22. c4 Qa5 23. b4 Qc7 24. c5 Rd7 25. Nd2 b5 26. cxb6 axb6 27. Nc4 Rfd8 28. Nd6 Bf8 29. Rc1 Bxd6 30. exd6 Rxd6 31. Qxh6 Qg7 32. Qxg7+ Kxg7 33. Rdc3 Rxd4 34. Rxc6 R8d6 35. Rxd6 Rxd6 36. a4 Rd4 37. b5 Rxa4 38. Rc6 e5 39. Rxb6 e4 40. Re6 Rb4 41. b6 Kf7 42. Rc6 g5 43. g3 Rb2 44. Rc7+ Kf6 45. b7 f4 46. gxf4 gxf4 47. Kf1 f3 48. Rc4 Kf5 49. Rc2 Rxb7 50. Kf2 Kf4 51. h4 e3+ 52. Kg1 f2+ 53. Kg2 Rg7+ 54. Kh2 f1=Q 55. Rc4+ Kf3 56. Rg4 Rxg4 57. h5 Qg2# 0-1


[Site "https://www.chess.com"]

[Event "Titled Tuesday Blitz February 07 Late 2023"]
[White "Mikhalsky, Vladimir"]
[Black "Gurevich, Dmitry"]
[WhiteFideId "14144352"]
[BlackFideId "2000407"]
[WhiteElo "2219"]
[BlackElo "2393"]
[Result "0-1"]
[Round "09"]
[TimeControl "180+2"]
[Date "2023.02.07"]
[WhiteClock "0:00:48"]
[BlackClock "0:00:39"]

1. d4 Nf6 2. c4 a6 3. Nc3 c5 4. d5 b5 5. Nf3 b4 6. Nb1 d6 7. b3 g6 8. Bb2 Bg7 9. e4 O-O 10. Bd3 a5 11. a4 e5 12. dxe6 Bxe6 13. O-O Nc6 14. Bc2 Ng4 15. Bxg7 Kxg7 16. Nbd2 Qf6 17. h3 Nge5 18. Qe2 Rad8 19. Rad1 h5 20. Bb1 g5 21. Qe3 g4 22. Qg5+ Qxg5 23. Nxg5 Nd4 24. f4 gxf3 25. gxf3 Ne2+ 26. Kh2 Nf4 27. Rg1 Kh6 28. Nf1 Rg8 29. h4 f6 30. Nxe6 Nxf3+ 31. Kh1 Rxg1# 0-1


[Site "https://www.chess.com"]

[Event "Titled Tuesday Blitz February 07 Late 2023"]
[White "Maltsevskaya, Aleksandra"]
[Black "Garcia Almaguer, Juan Manuel"]
[WhiteFideId "24174041"]
[BlackFideId "5110491"]
[WhiteElo "2390"]
[BlackElo "2090"]
[Result "1-0"]
[Round "09"]
[TimeControl "180+2"]
[Date "2023.02.07"]
[WhiteClock "0:00:33"]
[BlackClock "0:00:50"]

1. Nf3 Nf6 2. g3 d5 3. Bg2 Nc6 4. d3 e5 5. O-O h6 6. Nbd2 Bg4 7. h3 Bh5 8. g4 Bg6 9. Nh4 Bh7 10. e4 Qd7 11. exd5 Nxd5 12. Nc4 Be7 13. Nf3 f6 14. c3 O-O-O 15. a4 h5 16. g5 h4 17. a5 a6 18. d4 Bf5 19. dxe5 Bxh3 20. Nh2 Bxg2 21. Kxg2 fxe5 22. Qg4 h3+ 23. Kh1 Nf4 24. Bxf4 exf4 25. Rad1 Qxg4 26. Nxg4 Bxg5 27. Nce5 Nxe5 28. Nxe5 Rxd1 29. Rxd1 Bh4 30. Ng6 Rh6 31. Nxh4 Rxh4 32. Rg1 Rh5 33. Rxg7 Rxa5 34. Rg8+ Kd7 35. Rg7+ Kc6 36. Rg6+ Kc5 37. b4+ 1-0


[Site "https://www.chess.com"]

[Event "Titled Tuesday Blitz February 07 Late 2023"]
[White "Sztokbant, Bernardo Vainzoff"]
[Black "Mesa Cruz, Juan Carlos"]
[WhiteFideId "2115956"]
[BlackFideId "6423400"]
[WhiteElo "2213"]
[BlackElo "2122"]
[Result "1-0"]
[Round "09"]
[TimeControl "180+2"]
[Date "2023.02.07"]
[WhiteClock "0:00:05"]
[BlackClock "0:00:38"]

1. d3 d5 2. Nf3 Nf6 3. g3 Nbd7 4. Bg2 e6 5. O-O Be7 6. Nbd2 O-O 7. e4 c6 8. Qe2 dxe4 9. dxe4 e5 10. Nc4 Qc7 11. Rd1 Bc5 12. Be3 Bxe3 13. Qxe3 h6 14. Rd2 Re8 15. Nd6 Re6 16. Rad1 Nf8 17. Nxc8 Rxc8 18. Bh3 b6 19. Bxe6 Nxe6 20. c3 Re8 21. Kg2 Qc8 22. Nh4 Ng4 23. Qf3 Nc5 24. Nf5 Nf6 25. Nd6 Qe6 26. Nxe8 Nxe8 27. Qe3 Nf6 28. f3 a5 29. b3 a4 30. Rd6 Qe7 31. Rxc6 axb3 32. axb3 Nxb3 33. Qxb6 Qa3 34. Rc8+ Kh7 35. Qd8 Qa2+ 36. Kh3 Qe2 37. Qd3 Qf2 38. Rc7 Kg6 39. Rf1 Qa2 40. f4 Nd2 41. f5+ Kh7 42. Rf2 Nfxe4 43. Rxd2 Nxd2 44. f6+ e4 45. Qe3 Qe6+ 46. Kg2 Qd6 47. Rxf7 Qa6 48. Rxg7+ Kh8 49. Qxh6# 1-0


[Site "https://www.chess.com"]

[Event "Titled Tuesday Blitz February 07 Late 2023"]
[White "Yang, Qindong"]
[Black "Forgacs, Attila Jr."]
[WhiteFideId "8603758"]
[BlackFideId "773654"]
[WhiteElo "2127"]
[BlackElo "2264"]
[Result "1-0"]
[Round "09"]
[TimeControl "180+2"]
[Date "2023.02.07"]
[WhiteClock "0:00:46"]
[BlackClock "0:00:15"]

1. d4 Nf6 2. c4 g6 3. Nc3 d5 4. Nf3 Bg7 5. Qb3 dxc4 6. Qxc4 O-O 7. Bf4 Na6 8. e4 c5 9. d5 e6 10. d6 e5 11. Bxe5 Re8 12. Be2 Be6 13. Qb5 Bg4 14. Bxf6 Bxf6 15. Qxb7 Qxd6 16. O-O Reb8 17. Qxa6 Qxa6 18. Bxa6 Rxb2 19. Nd5 Bg7 20. Rab1 Rxa2 21. Bc4 a5 22. Bxa2 a4 23. Ng5 h6 24. Nxf7 Be6 25. Nd6 a3 26. Ne7+ Kf8 27. Nxg6+ Kg8 28. Bxe6+ Kh7 29. Nf4 a2 30. Bxa2 Rxa2 31. Rb7 Kg8 32. Nf5 Be5 33. Nxh6+ Kf8 34. Ng6+ Ke8 35. Nxe5 Kd8 36. Rd1+ Kc8 37. Rf7 Re2 38. Nf5 Rxe4 39. Nd6+ Kd8 40. Nxe4+ Ke8 41. Nf6# 1-0


[Site "https://www.chess.com"]

[Event "Titled Tuesday Blitz February 07 Late 2023"]
[White "Schuster, Karsten"]
[Black "TheKnightOfBosnia"]
[WhiteFideId "4611071"]
[WhiteElo "2309"]
[BlackElo "2526"]
[Result "1/2-1/2"]
[Round "09"]
[TimeControl "180+2"]
[Date "2023.02.07"]
[WhiteClock "0:00:30"]
[BlackClock "0:00:12"]

1. d4 Nf6 2. c4 e6 3. Nc3 d5 4. cxd5 exd5 5. Bg5 Be7 6. e3 c6 7. Bd3 O-O 8. Qc2 Nbd7 9. Nf3 Re8 10. O-O Nf8 11. h3 h6 12. Bf4 Bd6 13. Bxd6 Qxd6 14. Rab1 Ne4 15. Nxe4 dxe4 16. Bxe4 Qe6 17. Bd3 Qxa2 18. Bc4 Qa5 19. Ne5 Be6 20. b4 Qd8 21. b5 Bxc4 22. Qxc4 Qd5 23. Qxd5 cxd5 24. Rfc1 Rec8 25. Rc5 Rxc5 26. dxc5 Rc8 27. c6 bxc6 28. Nxc6 Rc7 29. Rd1 a6 30. Rxd5 axb5 31. Ne5 Rb7 32. Kf1 f6 33. Nd3 b4 34. Nc5 Rb5 35. e4 Kf7 36. Nd3 Rb7 37. Ke2 Ne6 38. Kd2 g6 39. Kc2 Rc7+ 40. Kb2 Rb7 41. f4 Ke7 42. e5 b3 43. exf6+ Kxf6 44. Rd6 Kf5 45. Rxe6 Kxe6 46. Nc5+ Kf5 47. Nxb7 Kxf4 48. Nd6 Kg3 49. Nf7 h5 50. Ne5 g5 51. Nf7 g4 52. hxg4 hxg4 53. Nh6 Kxg2 54. Nxg4 Kf3 55. Kxb3 1/2-1/2


[Site "https://www.chess.com"]